 Dungeon Crawl Stone Soup version 0.28-a0-998-gb9e9c7b67e (webtiles) character file.

Game seed: 8113111157549831896

3 ytrimaz the Digger (level 1, 0/11 HPs)
             Began as an Octopode Earth Elementalist on Dec 5, 2021.
             Slain by a bat (1 damage)
             ... on level 1 of the Dungeon.
             The game lasted 00:00:36 (290 turns).

ytrimaz the Digger (Octopode Earth Elementalist)     Turns: 290, Time: 00:00:37

Health: 0/11       AC:  1    Str:  7    XL:     1   Next: 50%
Magic:  3/3        EV: 12    Int: 17    God:
Gold:   0          SH:  3    Dex: 12    Spells: 3/4 levels left

rFire   . . .      SeeInvis .   (no weapon)
rCold   . . .      Faith    .   a - +0 buckler
rNeg    . . .      Spirit   .   (helmet restricted)
rPois   .          Reflect  .   (no amulet)
rElec   .          Harm     .   (no ring)
rCorr   .          Rampage  .   (no ring)
Will    .....                   (no ring)
Stlth   +++.......              (no ring)
HPRegen 0.03/turn               (no ring)
MPRegen 0.08/turn               (no ring)
                                (no ring)
                                (no ring)

@: no status effects
A: almost no armour, amphibious, 8 rings, camouflage 1, gelatinous body 1,
(nimble swimmer 1), tentacles
a: no special abilities


You were on level 1 of the Dungeon.
You visited 1 branch of the dungeon, and saw 1 of its levels.

Inventory:

Missiles
 b - 28 stones
Armour
 a - a +0 buckler (worn)


   Skills:
 - Level 2.0 Dodging
 - Level 2.6 Stealth
 + Level 2.0 Spellcasting
 * Level 1.1 Transmutations
 + Level 3.1 Earth Magic


You had 3 spell levels left.
You knew the following spells:

 Your Spells              Type           Power      Damage    Failure   Level
a - Sandblast             Erth           24%        2d8       9%          1

Your spell library contained the following spells:

 Spells                   Type           Power      Damage    Failure   Level
 Passwall                 Tmut/Erth      6%         N/A       21%         2
 Stone Arrow              Conj/Erth      14%        3d7       45%         3
 Petrify                  Tmut/Erth      8%         N/A       80%         4


Dungeon Overview and Level Annotations

Branches:
Dungeon (1/15)

Altars:


Innate Abilities, Weirdness & Mutations

You cannot wear most types of armour.
You are amphibious.
You can wear up to eight rings at the same time.
Your skin changes colour to match your surroundings (Stealth+).
Your rubbery body absorbs attacks. (AC +1, EV +1)
((You are camouflaged near water. (Stealth+)))
You have tentacles for arms and can constrict up to eight enemies at once.


Message History

You closely miss the quokka. You grab the quokka. You constrict the quokka.
The quokka misses you.
You tentacle-slap the quokka but do no damage.
The quokka is lightly wounded.
You constrict the quokka. The quokka closely misses you. The quokka bites you.
You tentacle-slap the quokka but do no damage.
You squeeze the quokka.
You kill the quokka!
There are no items here.
Found a stone staircase leading down.
There is a stone staircase leading down here.
A dart slug comes into view.
A dart slug is nearby!
A dart slug is nearby!
A bat comes into view.
Found 24 sling bullets.
Found 7 gold pieces.
The bat misses you. The bat barely misses you.
You tentacle-slap the dart slug. You grab the dart slug.
The dart slug is moderately wounded.
You constrict the dart slug. The bat hits you.
You release your grip on the dart slug.
The bat barely misses you. The bat hits you.
The dart slug launches a dart at you. The slug dart hits you.
You block the bat's attack. You block the bat's attack.
The bat closely misses you. The bat barely misses you. The bat misses you.
You are too injured to fight recklessly!
The bat hits you. The dart slug launches a dart at you. The slug dart hits you.
* * * LOW HITPOINT WARNING * * *
You are too injured to fight recklessly!
You tentacle-slap the dart slug but do no damage.
You grab the dart slug.
The dart slug is moderately wounded.
You constrict the dart slug. The bat hits you.
You die...

#. #...#.###
#.##.(.....
#.........
#........
##.......
.$......#######
#.#...........
#...wb#######
#######@#
##########.......#
........>..#######
.########### .# .#
.## #.## ##.####


You could see a dart slug and a bat.

Vanquished Creatures
  A goblin (D:1)
  A quokka (D:1)
  A bat (D:1)
3 creatures vanquished.

Notes
Turn   | Place    | Note
-------+----------+-------------------------------------------
     0 | D:1      | ytrimaz the Octopode Earth Elementalist began the quest for
                  | the Orb.
     0 | D:1      | Reached XP level 1. HP: 11/11 MP: 3/3
   290 | D:1      | Slain by a bat

Illustrated notes

Levels and vault maps discovered:
D:1:      amcnicky_arrival_single_pillar, layout_loops_ring, minmay_pentomino_s2

Action                   || total
-------------------------++-------
Melee: Unarmed           ||     8
       Constrict         ||     3
       Tentacles         ||     1
 Cast: Sandblast         ||     2
 Stab: Sleeping          ||     1
Armor: Skin              ||     2
Dodge: Dodged            ||     9
Block: Buckler           ||     3

Table legend: (Time is in decaauts)
 A = Elapsed time spent in this place.
 B = Non-inter-level travel time spent in this place.
 C = Inter-level travel time spent in this place.
 D = Time resting spent in this place.
 E = Time spent auto-exploring this place.
 F = Levels seen in this place.
 G = Mean time per level.
                   A        B        C        D        E       F      G
               +--------+--------+--------+--------+--------+-----+--------+
         Total |    290 |    290 |      0 |     11 |    226 |   1 |  290.0 |
       Dungeon |    290 |    290 |      0 |     11 |    226 |   1 |  290.0 |
               +--------+--------+--------+--------+--------+-----+--------+

Top non-repeatable levels by time:
     D:1: 290 daAuts
